 Dungeon Crawl Stone Soup version 0.20.1-1-g8b1a95d (webtiles) character file.

595 gobwax the Digger (level 7, 0/61 HPs)
             Began as an Octopode Earth Elementalist on Sept 4, 2017.
             Slain by Zedayar's ghost (5 damage)
             ... on level 3 of the Dungeon.
             The game lasted 00:06:42 (2406 turns).

gobwax the Digger (Octopode Earth Elementalist)     Turns: 2406, Time: 00:06:43

Health: 0/61       AC:  1    Str: 12    XL:     7   Next: 40%
Magic:  14/14      EV: 13    Int: 19    God:
Gold:   160        SH:  0    Dex: 13    Spells: 12/16 levels left

rFire    . . .     SeeInvis .   e - +0 whip (flame)
rCold    . . .     Gourm    .   (no shield)
rNeg     . . .     Faith    .   (helmet restricted)
rPois    .         Spirit   .   m - amulet of rage
rElec    .         Reflect  .   (no ring)
rCorr    .         Harm     .   (no ring)
MR       .....                  (no ring)
Stlth    ..........             (no ring)
Regen    0.2/turn               (no ring)
MPRegen  0.2/turn               (no ring)
                                (no ring)
                                (no ring)

@: berserking (expiring), very quick
A: almost no armour, stealthy swim, amphibious, 8 rings, constrict 8, camouflage
1, gelatinous body 1
a: Evoke Berserk Rage


You were on level 3 of the Dungeon.
You were very hungry.

You visited 1 branch of the dungeon, and saw 4 of its levels.

You collected 160 gold pieces.

Inventory:

Hand Weapons
 e - a +0 whip of flaming (weapon)
Missiles
 n - 14 stones (quivered)
Jewellery
 m - an amulet of rage (around mantle)
Scrolls
 a - 6 scrolls of identify
 f - a scroll of random uselessness {unknown}
 h - 2 scrolls of remove curse
 k - a scroll of fear {unknown}
 l - a scroll of enchant armour {unknown}
Potions
 b - a potion of agility
 j - a potion of brilliance {unknown}
Books
 d - a book of Geomancy

   Spells                             Type                      Level
   a - Sandblast                      Earth                        1
   b - Passwall                       Transmutation/Earth          2
   c - Stone Arrow                    Conjuration/Earth            3
   d - Petrify                        Transmutation/Earth          4
   e - Lee's Rapid Deconstruction     Earth                        5
Comestibles
 c - a bread ration
 g - 2 meat rations
 i - 3 royal jellies


   Skills:
 - Level 0.2 Maces & Flails
 - Level 2.2 Dodging
 - Level 2.8 Stealth
 + Level 5.1 Spellcasting
 * Level 2.5 Conjurations
   Level 1.0 Transmutations
 + Level 5.5 Earth Magic


You had 12 spell levels left.
You knew the following spells:

 Your Spells              Type           Power        Failure   Level  Hunger
a - Sandblast             Erth           ####..       1%          1    None
b - Stone Arrow           Conj/Erth      ###...       7%          3    ##.....


Dungeon Overview and Level Annotations

Branches:
Dungeon (4/15)
 Temple: D:4-7

Altars:
Dithmenos
Uskayaw

Annotations:
D:2 Robin
D:3 Zedayar's ghost, amateur TrMo


Innate Abilities, Weirdness & Mutations

You cannot wear most types of armour.
You are very stealthy in the water. (Stealth+)
You are amphibious.
You can wear up to eight rings at the same time.
You can use your tentacles to constrict eight enemies at once.
Your skin changes colour to match your surroundings (Stealth+).
Your rubbery body absorbs attacks. (AC +1, EV +1)


Message History

* * * LOW HITPOINT WARNING * * *
You hit Zedayar's ghost. You burn Zedayar's ghost.
Zedayar's ghost is severely damaged.
Zedayar's ghost hits you.
* * * LOW HITPOINT WARNING * * *
You closely miss Zedayar's ghost.
Zedayar's ghost is severely damaged.
Zedayar's ghost completely misses you.
You hit Zedayar's ghost but do no damage.
Zedayar's ghost is severely damaged.
The adder closely misses you.
You barely miss Zedayar's ghost.
Zedayar's ghost is severely damaged.
The adder bites you.
* * * LOW HITPOINT WARNING * * *
Zedayar's ghost completely misses you.
You closely miss Zedayar's ghost.
Zedayar's ghost is severely damaged.
The adder closely misses you. Zedayar's ghost hits you.
You die...

####.####..#.#
##.###########.#
#.......#.# #(....#
#########.##.###.....#
....†........†.......###
##########.#.###.......#
.<......................
...#######.#.###[......#
.............# #.......#
###########..# #@...)..#
......#####..###WS.....#
#..............#.......#
...............#.......#
............>..#.......#
...._..........#.......#
..##############.......#
..# ........# ..#
....#####


You could see Zedayar's ghost and an adder.

Vanquished Creatures
  Pikel (D:3)
  A slave (D:3)
  3 adders
  An ooze (D:1)
  A worm (D:2)
  2 dart slugs
  6 leopard geckos
  7 bats
  5 giant cockroaches
  7 goblins
  6 hobgoblins
  6 jackals
  10 kobolds
  2 quokkas (D:2)
  A ball python (D:2)
  13 frilled lizards
  3 rats
75 creatures vanquished.

Notes
Turn   | Place    | Note
-------+----------+-------------------------------------------
     0 | D:1      | gobwax the Octopode Earth Elementalist began the quest for the Orb.
     0 | D:1      | Reached XP level 1. HP: 11/11 MP: 3/3
   192 | D:1      | Reached XP level 2. HP: 16/17 MP: 0/5
   450 | D:1      | Reached XP level 3. HP: 17/21 MP: 4/6
  1174 | D:2      | Reached XP level 4. HP: 14/27 MP: 8/8
  1316 | D:2      | Found a shadowy altar of Dithmenos.
  1383 | D:2      | Learned a level 3 spell: Stone Arrow
  1830 | D:2      | Noticed Robin
  1850 | D:2      | You fall through a shaft for 2 floors!
  1850 | D:4      | Noticed a slave
  1850 | D:4      | Noticed a slave
  1851 | D:4      | Noticed Pikel
  1852 | D:4      | Noticed a slave
  1852 | D:4      | Noticed a slave
  1867 | D:3      | Killed a slave
  1873 | D:3      | Killed Pikel
  1873 | D:3      | Reached skill level 5 in Spellcasting
  1873 | D:3      | Reached skill level 5 in Earth Magic
  1873 | D:3      | Reached XP level 5. HP: 21/31 MP: 3/12
  1873 | D:3      | Reached XP level 6. HP: 25/36 MP: 3/13
  1873 | D:3      | Reached XP level 7. HP: 28/41 MP: 3/14
  2252 | D:3      | Found a hide-covered altar of Uskayaw.
  2383 | D:3      | Noticed Zedayar's ghost (amateur TrMo)
  2406 | D:3      | Slain by Zedayar's ghost

Skill      XL: |  1  2  3  4 |
---------------+-------------+-----
Spellcasting   | 3 5 |  5.1
Conjurations   | 2 |  2.5
Earth Magic    | 5 |  5.5
Maces & Flails | |  0.2
Dodging        | |  2.2
Stealth        | |  2.8
Transmutations | |  1.0

Action                   |  1- 3 |  4- 6 |  7- 9 || total
-------------------------+-------+-------+-------++-------
Melee: Unarmed           |    40 |    51 |       ||    91
       Constrict         |    11 |     9 |     5 ||    25
       Tentacles         |     5 |     5 |     3 ||    13
       Whip              |       |       |    46 ||    46
 Cast: Sandblast         |    49 |     5 |       ||    54
       Stone Arrow       |       |     9 |     2 ||    11
 Abil: Evoke Berserk Rag |       |       |     1 ||     1
  Use: Potion            |       |     4 |       ||     4
       Scroll            |       |     2 |     1 ||     3
  Eat: Chunk             |     1 |     3 |     2 ||     6
Armor: Skin              |     4 |     3 |     7 ||    14
Dodge: Dodged            |    31 |    55 |    28 ||   114
